 Dungeon Crawl Stone Soup version 0.31-a0-246-g8cbcc1cb85 (webtiles) character file.

Game seed: 7679082815101283437

5271 cforsyth the Grappler (level 10, -2/81 HPs)
             Began as an Ogre Shapeshifter on July 12, 2023.
             Was a Believer of Hepliaklqana.
             Slain by a killer bee (7 damage)
             ... on level 9 of the Dungeon.
             The game lasted 00:15:49 (10244 turns).

cforsyth the Grappler (Ogre Shapeshifter)          Turns: 10244, Time: 00:15:49

Health: -2/81      AC:  3    Str: 25    XL:     10   Next: 62%
Magic:  10/10      EV: 15    Int:  9    God:    Hepliaklqana [**....]
Gold:   462        SH:  0    Dex:  9    Spells: 9/9 levels left

rFire   + .          .
                       - Unarmed
rCold   . . .        (no shield)
rNeg    . . .        a - +0 animal skin
rPois   .            (helmet currently unavailable)
rElec   .            (cloak currently unavailable)
rCorr   .            (gloves unavailable)
SInv    .            (boots unavailable)
Will    +....        (no amulet)
Stlth   +            C - ring of protection from fire
HPRegen 0.33/turn    w - +5 ring of evasion
MPRegen 0.12/turn

%: no passive effects
@: lethally poisoned (-2 -> -7), beast-form
A: beast (slay +6), reduced essence, large, unfitting armour, tough skin 1
a: Renounce Religion, Recall Ancestor, Ancestor Identity


You were on level 9 of the Dungeon.
You worshipped Hepliaklqana.
Hepliaklqana was pleased with you.
You were a hulking beast.
You visited 2 branches of the dungeon, and saw 10 of its levels.
You also visited: Sewer.

You collected 462 gold pieces.

Inventory:

Missiles
 n - 3 throwing nets
Armour
 a - a +0 animal skin (worn)
Jewellery
 p - a ring of protection from cold
 u - a ring of protection from cold
 w - a +5 ring of evasion (right hand)
 y - a ring of fire
 C - a ring of protection from fire (left hand)
 I - a ring of see invisible
 K - the Hermit's Pendant {Faith Invo=14 Evo=0 MP+5}
   (You found it on level 8 of the Dungeon)

   [amulet of faith]

   Invo=14: It sets your Invocations skill to 14.
   Evo=0: It sets your Evocations skill to 0.
   It allows you to gain divine favour quickly.
   MP:        It affects your magic capacity (+5).
Talismans
 c - a beast talisman
Wands
 B - a wand of mindburst (22)
 F - a wand of digging (6)
 H - a wand of charming (13)
 J - a wand of light (10)
Scrolls
 d - 3 scrolls of blinking
 e - a scroll of fear {unknown}
 i - a scroll of revelation
 m - 2 scrolls of enchant weapon
 o - 3 scrolls of enchant armour
 q - a scroll of vulnerability
 t - a scroll of teleportation
 x - 2 scrolls of immolation {unknown}
 D - a scroll of silence {unknown}
 E - a scroll of fog {unknown}
 G - 2 scrolls of amnesia {unknown}
 M - a scroll of identify
 N - a scroll of summoning {unknown}
Potions
 b - a potion of lignification
 f - 2 potions of might
 g - a potion of resistance
 h - a potion of heal wounds {unknown}
 j - a potion of experience {unknown}
 l - a potion of enlightenment {unknown}
 r - 3 potions of mutation
 s - a potion of haste {unknown}
 v - a potion of brilliance {unknown}
 z - a potion of invisibility {unknown}
 A - a potion of cancellation
 L - 2 potions of attraction


   Skills:
 - Level 3.0 Fighting
 - Level 2.0 Dodging
 + Level 10.2 Unarmed Combat
 + Level 9.7 Shapeshifting


You had 9 spell levels left.
You didn't know any spells.
Your spell library contained the following spells:

 Spells                   Type           Power      Damage    Failure   Level
 Summon Forest            Summ/Tloc      0%         N/A       100%        5
 Summon Mana Viper        Hex/Summ       0%         N/A       100%        5
 Summon Cactus Giant      Summ           0%         N/A       100%        6
 Chain Lightning          Conj/Air       0%         N/A       100%        9
 Fire Storm               Conj/Fire      0%         5d1       100%        9
 Shatter                  Erth           0%         3d5*      100%        9


Dungeon Overview and Level Annotations

Branches:
Dungeon (9/15)             Temple (1/1) D:6            Lair (0/5) D:8
  Sewer (visited)
    Orc: D:9-12

Altars:
Ashenzari
Dithmenos
Fedhas
Gozag
Hepliaklqana
Nemelex Xobeh
Ru
Sif Muna
Trog
Xom
Zin
The Shining One

Shops:
D:3 [   D:5 *


Innate Abilities, Weirdness & Mutations

You are a hulking beast.
Your limbs bulge with bestial killing power. (Slay +6)
Your life essence is reduced to manifest your ancestor. (-10% HP)
You are too large for most types of armour.
You have tough skin. (AC +1)


Message History

The killer bee closely misses you.
You feel better. The killer bee completely misses you.
The killer bee barely misses you.
The killer bee stings you but does no damage.
The killer bee stings you.
* * * LOW HITPOINT WARNING * * *
The killer bee barely misses you.
You pummel the killer bee!!
You kill the killer bee!
You closely miss the killer bee. The killer bee closely misses you.
The killer bee stings you.
* * * LOW HITPOINT WARNING * * *
You hit the killer bee.
The killer bee is lightly wounded.
The killer bee stings you.
* * * LOW HITPOINT WARNING * * *
You feel better. The killer bee stings you.
* * * LOW HITPOINT WARNING * * *
The killer bee closely misses you.
You closely miss the killer bee.
The killer bee is lightly wounded.
The killer bee closely misses you.
The killer bee stings you but does no damage.
Unknown command.
You feel better. The killer bee closely misses you. The killer bee stings you.
* * * LOW HITPOINT WARNING * * *
You hit the killer bee.
The killer bee is moderately wounded.
The killer bee closely misses you. x2
You hit the killer bee.
The killer bee is heavily wounded.
The killer bee stings you!
* * * LOW HITPOINT WARNING * * *
You miss the killer bee. You punch the killer bee.
The killer bee is severely wounded.
The killer bee stings you.
* * * LOW HITPOINT WARNING * * *
You are lethally poisoned!
The killer bee poisons you! The killer bee stings you!
You die...

#...........#......#
#...........#......#
#...........#......#
#...........#......#
#...####...##......####
#...####...######.....#####
#...............#.....#...#
#...............#.....#...+
#..........h....#.....'...#
##########y####.#.....#+####
.......††...# ##+##......[
............# #.^.....
............# #.......
............# #.......
............# #.......
............#######.......
'#####'##..............###


You could see a killer bee.

Vanquished Creatures
  Pikel (D:6)
  A rime drake (D:8)
  A kobold demonologist (D:9)
  Prince Ribbit (D:6)
  A hornet (D:8)
  3 yaks (D:8)
  A steam dragon (D:8)
  An orc warrior (D:9)
  2 black bears
  A water moccasin (D:6)
  An ice beast (D:8)
  An ogre (D:6)
  4 wolves (D:8)
  A centaur (D:8)
  2 phantoms (D:5)
  4 lemures
  2 kobold brigands (D:8)
  Blork the orc (D:5)
  3 bullfrogs
  2 scorpions (D:5)
  A gnoll sergeant (D:7)
  3 wights (D:7)
  5 killer bees (D:9)
  3 howler monkeys (D:9)
  5 hounds
  A gnoll bouda (D:5)
  7 orc priests
  3 jellies
  A sleepcap (D:5)
  3 orc wizards
  8 adders
  13 gnolls
  A white imp (D:5)
  An ufetubus (D:5)
  3 worms
  2 dart slugs
  13 orcs
  11 bats
  18 endoplasms
  9 giant cockroaches
  5 goblins
  6 hobgoblins
  4 jackals (D:2)
  13 quokkas
  17 ball pythons
  7 frilled lizards
  18 kobolds
  2 rats
217 creatures vanquished.

Vanquished Creatures (collateral kills)
  A gnoll sergeant (D:8)
  A howler monkey (D:9)
  An orc wizard (D:7)
  3 gnolls (D:8)
  2 orcs (D:9)
8 creatures vanquished.

Vanquished Creatures (others)
  A steam dragon (D:8)
  A knight (D:9)
  2 ancestors
  A gnoll (D:8)
5 creatures vanquished.

Grand Total: 230 creatures vanquished

Notes
Turn   | Place    | Note
-------+----------+-------------------------------------------
     0 | D:1      | cforsyth the Ogre Shapeshifter began the quest for the Orb.
     0 | D:1      | Reached XP level 1. HP: 22/22 MP: 1/1
   113 | D:1      | Reached skill level 2 in Unarmed Combat
   113 | D:1      | Reached XP level 2. HP: 31/31 MP: 2/2
   739 | D:1      | Reached XP level 3. HP: 36/37 MP: 3/3
  2019 | D:3      | Reached XP level 4. HP: 44/45 MP: 4/4
  2119 | D:3      | Reached skill level 3 in Unarmed Combat
  2383 | D:3      | Found Ete Lokh's Armour Emporium.
  2887 | D:4      | Reached XP level 5. HP: 41/53 MP: 5/5
  3806 | D:5      | Entered Level 5 of the Dungeon
  3853 | D:5      | Found a glowing drain.
  3877 | Sewer    | Entered a sewer
  3924 | Sewer    | Reached XP level 6. HP: 57/61 MP: 6/6
  3950 | Sewer    | Reached skill level 4 in Unarmed Combat
  4491 | D:5      | Reached skill level 5 in Shapeshifting
  4491 | D:5      | Reached XP level 7. HP: 53/67 MP: 7/7
  4716 | D:5      | Reached skill level 5 in Unarmed Combat
  4777 | D:5      | HP: 3/67 [gnoll/+0 whip[a gnoll bouda] (2)]
  4784 | D:5      | HP: 1/67 [hound (4)]
  5227 | D:5      | Found Lim Nina's Fire Supplies.
  5376 | D:6      | Noticed Pikel
  5377 | D:6      | Found a glowing golden altar of the Shining One.
  5661 | D:6      | Noticed Blork the orc
  5661 | D:6      | Found a shimmering blue altar of Sif Muna.
  5678 | D:5      | Reached XP level 8. HP: 69/75 MP: 8/8
  5682 | D:5      | Killed Blork the orc
  5739 | D:5      | Reached skill level 6 in Unarmed Combat
  5846 | D:6      | Noticed Prince Ribbit
  5869 | D:6      | Killed Prince Ribbit
  6127 | D:6      | Found a staircase to the Ecumenical Temple.
  6149 | D:6      | HP: 3/75 [poisoned by a water moccasin]
  6157 | Temple   | Entered the Ecumenical Temple
  6367 | Temple   | Became a worshipper of Hepliaklqana the Forgotten
  6413 | D:6      | Reached skill level 7 in Unarmed Combat
  7025 | D:6      | Killed Pikel
  7026 | D:6      | Reached XP level 9. HP: 47/81 MP: 9/9
  7336 | D:7      | Found a bloodstained altar of Trog.
  7397 | D:7      | Reached skill level 8 in Unarmed Combat
  7580 | D:7      | Reached * piety under Hepliaklqana
  8253 | D:7      | Found a sparkling altar of Nemelex Xobeh.
  8456 | D:8      | Noticed a rime drake
  8463 | D:8      | Killed a rime drake
  8464 | D:8      | Reached skill level 9 in Unarmed Combat
  8464 | D:8      | Reached XP level 10. HP: 33/81 MP: 10/10
  8468 | D:8      | Found a staircase to the Lair.
  8726 | D:8      | Paralysed by a hornet for 2 turns
  9116 | D:8      | Found the Hermit's Pendant {Faith Invo=14 Evo=0 MP+5}
  9609 | D:8      | Noticed a lindwurm
  9624 | D:8      | Noticed a lindwurm
  9628 | D:8      | Noticed a lindwurm
  9634 | D:8      | Noticed a lindwurm
  9765 | D:9      | Noticed a kobold demonologist
  9767 | D:9      | Noticed a sixfirhy
  9769 | D:9      | Killed a kobold demonologist
  9842 | D:9      | Identified the +2 dagger "Tormentor" {venom, Will+}
  9902 | D:9      | Reached skill level 10 in Unarmed Combat
 10193 | D:9      | Reached ** piety under Hepliaklqana
 10194 | D:9      | Remembered your ancestor Eadwine as a knight
 10238 | D:9      | HP: 2/81 [killer bee (6)]
 10244 | D:9      | Slain by a killer bee

Illustrated notes

Levels and vault maps discovered:
D:1:      amcnicky_arrival_gap_in_the_tavern_cellar, layout_loops_corners,
          serial_glass, glass_columns_c, glass_columns_a, glass_columns_c,
          ebering_dispersal_statue_hall, grunt_decor_junction,
          chequers_serial_rivers_large_a, nicolae_kite_square_tiling_tiny,
          minmay_misc_feat_encased, kennysheep_decorative_pillar
D:2:      layout_loops_corners
D:3:      layout_basic, serial_shops, nicolae_shop_pleasant_corner_grove,
          minmay_misc_feat_diagonals
D:4:      layout_loops_corners, nrook_campfire
D:5:      layout_basic, portal_sewer_entry_d, nicolae_shop_fire_sale
          [nicolae_sub_dead_trees], serial_bayou_crossing
D:6:      layout_cave_pools, mainiacjoe_overflow_catch_the_wave,
          temple_doors_cd, minmay_misc_feat_doors, chequers_avenue, uniq_pikel,
          uniq_blork_the_orc, uniq_prince_ribbit1
D:7:      layout_loops_ring, nemelex_diamond_rough_becter,
          david_defended_altar_orc
D:8:      layout_basic, hellmonk_lair_entry_icy, minmay_lindwurm_lava
D:9:      layout_gridville, minmay_microvault
Temple:   nicolae_temple_bog_church

Skill      XL: |  1  2  3  4  5  6  7  8  9 10 |
---------------+-------------------------------+-----
Fighting       | 3 |  3.0
Dodging        | 2 |  2.0
Unarmed Combat | 2 3 4 5 7 9 10 | 10.2
Shapeshifting  | 4 5 7 8 9 |  9.7

Action                     |  1- 3 |  4- 6 |  7- 9 | 10-12 || total
---------------------------+-------+-------+-------+-------++-------
  Melee: Unarmed           |   117 |   171 |   241 |    97 ||   626
         Punch             |     2 |     5 |    15 |     5 ||    27
 Invoke: Ancestor Life: Kn |       |       |       |     1 ||     1
    Use: Scroll            |       |    10 |     2 |     2 ||    14
         Potion            |       |       |     1 |     3 ||     4
   Stab: Sleeping          |       |       |     1 |       ||     1
 Armour: Animal skin       |    48 |    36 |    20 |    13 ||   117
  Dodge: Dodged            |    51 |    64 |   177 |    85 ||   377

Table legend: (Time is in decaauts)
 A = Elapsed time spent in this place.
 B = Non-inter-level travel time spent in this place.
 C = Inter-level travel time spent in this place.
 D = Time resting spent in this place.
 E = Time spent auto-exploring this place.
 F = Levels seen in this place.
 G = Mean time per level.
                   A        B        C        D        E       F      G
               +--------+--------+--------+--------+--------+-----+--------+
         Total |  10183 |  10005 |    178 |    919 |   7481 |  11 |  925.7 |
       Dungeon |   9391 |   9221 |    170 |    819 |   6953 |   9 | 1043.4 |
        Temple |    218 |    210 |      8 |      0 |    205 |   1 |  218.0 |
         Sewer |    572 |    572 |      0 |    100 |    323 |   1 |  572.0 |
               +--------+--------+--------+--------+--------+-----+--------+

Top non-repeatable levels by time:
     D:5: 1670 daAuts
     D:8: 1254 daAuts
     D:6: 1126 daAuts
     D:1: 1045 daAuts
     D:7: 994 daAuts
     D:3: 974 daAuts
     D:4: 963 daAuts
     D:2: 810 daAuts
   Sewer: 572 daAuts
     D:9: 552 daAuts
  Temple: 218 daAuts
